 Dungeon Crawl Stone Soup version 0.24-a0-184-gcb5ae2c (webtiles) character file.

Game seed: 17573512118679107124

8 Dfrag the Firebug (level 2, 13/19 HPs)
             Began as a Demonspawn Fire Elementalist on Mar 16, 2019.
             Quit the game on level 1 of the Dungeon.
             The game lasted 00:00:31 (184 turns).

Dfrag the Firebug (Demonspawn Fire Elementalist)     Turns: 184, Time: 00:00:31

Health: 13/19      AC:  2    Str: 11    XL:     2   Next: 0%
Magic:  3/5        EV: 12    Int: 16    God:
Gold:   67         SH:  0    Dex: 13    Spells: 4/5 levels left

rFire    . . .     SeeInvis .   (no weapon)
rCold    . . .     Gourm    .   (no shield)
rNeg     . . .     Faith    .   a - +0 robe
rPois    .         Spirit   .   (no helmet)
rElec    .         Reflect  .   (no cloak)
rCorr    .         Harm     .   (no gloves)
MR       .....                  (no boots)
Stlth    ++........             (no amulet)
HPRegen  0.06/turn              f - +3 ring of strength
MPRegen  0.09/turn              (no ring)

@: no status effects
A: rot immunity
a: no special abilities


You were on level 1 of the Dungeon.
You were not hungry.

You visited 1 branch of the dungeon, and saw 1 of its levels.

You collected 67 gold pieces.

Inventory:

Armour
 a - a +0 robe (worn)
Jewellery
 f - a +3 ring of strength (left hand)
Scrolls
 g - a scroll of blinking {unknown}
Potions
 b - a potion of curing {unknown}
 d - a potion of cancellation {unknown}
 e - a potion of magic {unknown}
 h - 2 potions of heal wounds {unknown}
Comestibles
 c - a ration


   Skills:
 - Level 1.7 Dodging
 - Level 1.7 Stealth
 + Level 2.2 Spellcasting
 + Level 1.4 Conjurations
 + Level 2.9 Fire Magic


You had 4 spell levels left.
You knew the following spells:

 Your Spells              Type           Power        Failure   Level  Hunger
a - Flame Tongue          Conj/Fire      #....        9%          1    #......

Your spell library contained the following spells:

 Spells                   Type           Power        Failure   Level  Hunger
 Throw Flame              Conj/Fire      #.....       13%         2    ###....
 Conjure Flame            Conj/Fire      #.......     26%         3    ###....
 Inner Flame              Hex/Fire       #.......     32%         3    ###....
 Sticky Flame             Conj/Fire      #.......     63%         4    #####..
 Fireball                 Conj/Fire      #.........   93%         5    ######.


Dungeon Overview and Level Annotations

Branches:
Dungeon (1/15)

Altars:


Innate Abilities, Weirdness & Mutations

You are immune to rotting.


Message History

Unknown command.
Unknown command.
Found 2 gold pieces.
Casting: Flame Tongue (safe; 9% risk of failure)
Confirm with . or Enter, or press ? or * to list all spells.
Aiming: Flame Tongue (safe; 9% risk of failure)
Press: ? - help, Shift-Dir - straight line, f - bat
Aim: a bat (resting)
The flame tongue hits the bat!
You kill the bat!
You have reached level 2!
Your demonic ancestry asserts itself...
You feel immune to rotting.
Casting: Flame Tongue (safe; 9% risk of failure)
Confirm with . or Enter, or press ? or * to list all spells.
You can't see any susceptible monsters within range! (Use Z to cast anyway.) Unknown command.
You now have 67 gold pieces (gained 2).
h - 2 pink potions Are you sure you want to abandon this character and quit the game? (Confirm with "yes".)

#########
.##.#.#...#.#
###.........#
##
..........####
.#
#####.##.###
.# #.##...# .#
#.####.### .#
#.##.....# .#
####.##.....#
.#
#...@.......#
##
#.##.##.....#
...##.....#
#..####.#####
#.. .... #.
....# ##
#.#### ..


There were no monsters in sight!

Vanquished Creatures
  A leopard gecko (D:1)
  A ball python (D:1)
  2 bats (D:1)
  A frilled lizard (D:1)
  2 rats (D:1)
7 creatures vanquished.

Notes
Turn   | Place    | Note
-------+----------+-------------------------------------------
     0 | D:1      | Dfrag the Demonspawn Fire Elementalist began the quest for
                  | the Orb.
     0 | D:1      | Reached XP level 1. HP: 13/13 MP: 3/3
   167 | D:1      | Gained mutation: You are immune to rotting. [demonic
                  | ancestry]
   167 | D:1      | Reached XP level 2. HP: 12/19 MP: 1/5
   184 | D:1      | Quit the game

Levels and vault maps discovered:
D:1:      nicolae_arrival_washed_ashore, layout_loops_cross, moated_statue

Action                   || total
-------------------------++-------
Melee: Unarmed           ||    10
 Cast: Flame Tongue      ||    10
Armor: Robe              ||     3
Dodge: Dodged            ||     9

Table legend:
 A = Non-vault XP
 B = Vault XP
 C = Vault XP percentage of total XP
 D = Non-vault monster count
 E = Vault monster count
 F = Vault count percentage of total count
                 A         B        C        D         E       F
            +---------+---------+-------+---------+---------+-------
      Total |      12 |       0 |   0.0 |       7 |       0 |   0.0
            +---------+---------+-------+---------+---------+-------
        D:1 |      12 |       0 |   0.0 |       7 |       0 |   0.0
            +---------+---------+-------+---------+---------+-------
